Map: Lightshade LE

Players

Serral - Winner!

  • Race: Zerg Zerg
  • League: Master
  • Spawn Location: 11:00

LiquidClem (Clem)

  • Race: Terran Terran
  • League: Grandmaster
  • Spawn Location: 5:00

Event: DreamHack SC2 Masters 2020 Winter

VOD

Have the link to the VOD?

Description

Time

  • Played on: Nov. 6, 2020, 12:20 p.m.
  • Length: 4:18

All games in this series

Show
View Real Time Build Order
Export as new Build Order

Serral Zerg - Winner!

Build Orders: Pool First, Ravager All-In 

Get SALT Encoding   

  12  0:00  Drone  
  13  0:12  Overlord  
  13  0:16  Drone  
  14  0:31  Drone x2  
  14  0:34  Drone  
  17  0:44  Spawning Pool  
  17  0:48  Drone  
  17  0:56  Drone  
  18  1:10  Extractor  
  17  1:15  Hatchery  
  17  1:17  Drone  
  17  1:20  Drone  
  17  1:22  Extractor  
  17  1:32  Roach Warren  
  17  1:36  Drone  
  17  1:45  Overlord  
  17  2:12  Roach x3  
  23  2:19  Hatchery  
  23  2:23  Roach  
  25  2:34  Roach  
  27  2:38  Ravager x2  
  29  2:44  Overlord  
  29  2:47  Ravager  
  30  3:03  Roach  
  32  3:07  Ravager  
  32  3:08  Roach  
  35  3:17  Roach  
  37  3:26  Ravager  
  38  3:33  Roach  
  40  3:38  Roach  
  40  3:41  Roach  
  44  3:46  Roach  
  43  3:58  Ravager  
Show
View Real Time Build Order
Export as new Build Order

LiquidClem Terran 

Build Orders:  

Get SALT Encoding   

  12  0:00  SCV  
  13  0:12  SCV  
  14  0:17  Supply Depot  
  14  0:24  SCV  
  15  0:38  SCV  
  15  0:40  Barracks  
  16  0:46  Refinery  
  16  0:50  SCV  
  17  1:02  SCV  
  18  1:14  SCV  
  19  1:26  Marine  
  19  1:27  Orbital Command  
  20  1:44  Command Center  
  20  1:48  Marine  
  20  1:53  SCV  
  22  2:04  Factory  
  23  2:10  Barracks Reactor  
  23  2:14  Supply Depot  
  22  2:18  SCV  
  23  2:36  SCV  
  24  2:43  Command Center  
  24  2:48  SCV  
  25  2:56  Barracks Tech Lab, Orbital Command  
  25  3:05  Barracks  
  25  3:10  SCV  
  26  3:13  Hellion  
  26  3:18  Hellion  
  30  3:22  Marauder  
  32  3:29  SCV  
  32  3:30  SCV  
  31  3:42  SCV  
  31  3:43  SCV  
  31  3:44  Marauder  
  29  3:52  Marine  
  29  3:54  Widow Mine  
  32  4:00  SCV  
  32  4:01  SCV  
Tags
 
Add a new tag
Caveats
  • Supply blocks, unpowered buildings, or Contaminate may cause inaccurate times.
  • Supply counts are checked every 10 seconds.